 Zot Defence DCSS version 0.15.2 (webtiles) character file.

466 blackwizard the Ducker (level 6, -2/55 HPs)
             Began as a Troll Wizard on May 27, 2017.
             Killed by divine providence
             ... invoked by an orc priest
              (14 damage)
             ... in the Realm of Zot (Scenario I: Hall of Zot).
             The game lasted 00:06:34 (1204 turns).

blackwizard the Ducker (Troll Wizard)               Turns: 1204, Time: 00:06:34

HP  -2/55        AC  5     Str 18      XL: 6   Next: 81%
MP   3/10        EV 10     Int 14      God:
Gold 0           SH  0     Dex  8      Spells:  2 memorised,  7 levels left

rFire  . . .     SeeInvis .     k - +0 dagger
rCold  . . .     Clarity  .     a - +0 robe
rNeg   . . .     rCorr    .     (shield restricted)
rPois  .         rRot     .     b - +0 hat
rElec  .         Spirit   .     (no cloak)
SustAb .         Warding  .     (gloves unavailable)
rMut   .         Stasis   .     (boots unavailable)
Gourm  +                        (no amulet)
MR     .....                    (no ring)
                                (no ring)

@: very slightly contaminated, not resistant to hostile enchantments, very
unstealthy
A: unfitting armour, claws 3, fast metabolism 3, gourmand, regeneration 2,
saprovore 2, shaggy fur 1, tough skin 2
a: Make oklob sapling, Make arrow trap, Make plant, Remove Curse, Make burning
bush, Make altar, Make grenades


You were in the Realm of Zot.
You were not hungry.

You visited 1 branch

Inventory:

Hand weapons
 k - a +0 dagger (weapon)
Missiles
 l - a stone (quivered)
Armour
 a - a +0 robe (worn)
 b - a +0 hat (worn)
Comestibles
 f - 2 meat rations
Scrolls
 j - a scroll of blinking
Potions
 d - 3 potions of curing
 e - a potion of heal wounds
 g - a potion of haste
 h - 2 potions of magic
 i - a potion of berserk rage
Books
 c - a book of Minor Magic

   Spells                             Type                      Level
   *Magic Dart                        Conjuration                  1
   Blink                              Translocation                2
   Call Imp                           Summoning                    2
   Repel Missiles                     Charms/Air                   2
   Slow                               Hexes                        2
   *Conjure Flame                     Conjuration/Fire             3
   Mephitic Cloud                     Conjuration/Poison/Air       3


   Skills:
 + Level 1.2 Fighting
 + Level 1.5 Short Blades
 + Level 3.5 Dodging
 - Level 1.1 Stealth
 + Level 1.3 Unarmed Combat
 + Level 3.4 Spellcasting
 + Level 1.2 Conjurations
   Level 0.6 Summonings
   Level 0.6 Translocations
 + Level 0.5 Fire Magic


You had 7 spell levels left.
You knew the following spells:

 Your Spells              Type           Power        Failure   Level  Hunger
a - Magic Dart            Conj           #...         14%         1    #......
b - Conjure Flame         Conj/Fire      #.......     47%         3    ###....


Dungeon Overview and Level Annotations

Branches:
    Zot (1/1)

Altars:

Annotations:
Zot Grum


Innate Abilities, Weirdness & Mutations

You are too large for most types of armour.
You have claws for hands.
Your metabolism is lightning-fast.
You like to eat raw meat.
You heal very quickly.
You can eat rotten meat.
You are covered in fur (AC +1).
You have very tough skin (AC +2).


Message History

Casting: Conjure Flame
Confirm with . or Enter, or press ? or * to list all spells.
Aiming: Conjure Flame
Press: ? - help, Dir - move target cursor The fire roars!
The orc priest mumbles some strange prayers to Beogh against something.
Something smites you!
* * * LOW HITPOINT WARNING * * *
Unknown command.
The orc priest utters an invocation to Beogh.
You feel a wave of unholy energy pass over you.
A black bear comes into view.
You sense that a powerful threat has arrived.
The orc priest looks braver.
Chish the hound comes into view.
A black bear comes into view.
Something barely misses Crauntir.
The orc priest calls down the wrath of Beogh upon something.
Something smites you!
You die...

.............## #...b.........#
..............# ##b..........##
..............# #..h........#
..............# ##hoob.......##
..............# #...JKKJo.....#
..............# ##.b.hJr.sg....##
..............###..gKhggrFFS....#
.............###...###########...
............##..@.## ##..
................### ###
...############## #
............####
...............### ##
.................## ##.
..................# ▓▓▓▓▓▓▓▓▓ #..
..................▓▓▓.......▓▓▓..
..................▓▓.........▓▓..


You could see 3 black bears, Chish the hound, 2 oozes, 2 orc priests, a gnoll, a
green rat and 3 kobolds.

Vanquished Creatures
  A gnoll shaman (Zot)
  A hound (Zot)
  An iguana (Zot)
  2 adders (Zot)
  7 gnolls (Zot)
  A worm (Zot)
  An ooze (Zot)
  2 orcs (Zot)
  3 ball pythons (Zot)
  A giant cockroach (Zot)
  4 hobgoblins (Zot)
  3 quokkas (Zot)
  6 bats (Zot)
  5 giant newts (Zot)
  7 goblins (Zot)
  5 kobolds (Zot)
  8 rats (Zot)
58 creatures vanquished.

Notes
Turn   | Place    | Note
--------------------------------------------------------------
     0 | Zot      | blackwizard, the Troll Wizard, began the quest for the Orb.
     0 | Zot      | Reached XP level 1. HP: 16/16 MP: 3/3
   193 | Zot      | Reached XP level 2. HP: 22/24 MP: 4/4
   219 | Zot      | Reached XP level 3. HP: 31/31 MP: 5/5
   312 | Zot      | Learned a level 3 spell: Conjure Flame
   521 | Zot      | Reached XP level 4. HP: 39/39 MP: 6/6
   560 | Zot      | Reached skill level 1 in Unarmed Combat
   560 | Zot      | Reached skill level 3 in Spellcasting
   560 | Zot      | Reached XP level 5. HP: 45/45 MP: 6/8
   584 | Zot      | Reached skill level 1 in Conjurations
   780 | Zot      | Reached skill level 1 in Fighting
   780 | Zot      | Reached XP level 6. HP: 52/55 MP: 10/10
   820 | Zot      | Reached skill level 1 in Short Blades
  1004 | Zot      | Noticed Grum
  1204 | Zot      | Killed from afar by an orc priest

Action                   |  1- 3 |  4- 6 || total
-------------------------+-------+-------++-------
Melee: Unarmed           |    45 |       ||    45
       Dagger            |   104 |   575 ||   679
 Cast: Magic Dart        |     1 |       ||     1
       Conjure Flame     |     1 |     5 ||     6
